 Dungeon Crawl Stone Soup version 0.18.1-8-gdd0e5ea (webtiles) character file.

222 mindo the Charmwright (level 5, -5/35 HPs)
             Began as a High Elf Skald on June 8, 2016.
             Slain by Metae's ghost (8 damage)
             ... on level 4 of the Dungeon.
             The game lasted 00:17:09 (2885 turns).

mindo the Charmwright (High Elf Skald)              Turns: 2885, Time: 00:17:10

Health: -5/35      AC: 14    Str: 10 (11) XL:     5   Next: 66%
Magic:  9/10       EV:  2    Int: 13 (15) God:
Gold:   146        SH:  0    Dex: 14 (16) Spells: 2 memorised, 7 levels left

rFire  . . .     SeeInvis .     w - +1 short sword (speed)
rCold  . . .     Gourm    .     t - +0 plate armour
rNeg   . . .     Faith    .     (no shield)
rPois  .         Spirit   .     (no helmet)
rElec  .         Dismiss  .     (no cloak)
rCorr  .         Reflect  .     (no gloves)
SustAt .         Harm     .     (no boots)
MR     .....                    (no amulet)
Stlth  ..........               (no ring)
                                j - +3 ring of protection

@: very slightly contaminated, invisible, not resistant to hostile enchantments,
extremely unstealthy
A: no striking features
a: no special abilities


You were on level 4 of the Dungeon.
You were not hungry.

You visited 1 branch of the dungeon, and saw 4 of its levels.

You collected 146 gold pieces.

Inventory:

Hand Weapons
 a - a +0 falchion
 w - a +1 short sword of speed (weapon)
Armour
 b - a +0 leather armour
 k - a +0 robe
 m - a +0 ring mail
 q - a +0 leather armour
 t - a +0 plate armour (worn)
Jewellery
 j - a +3 ring of protection (left hand)
Scrolls
 e - a scroll of fog {unknown}
 f - 4 scrolls of recharging {unknown}
 h - 2 scrolls of identify {unknown}
 o - a scroll of enchant armour {unknown}
 p - a scroll of magic mapping {unknown}
Books
 c - a book of Battle

   Spells                             Type                      Level
   a - Infusion                       Charms                       1
   b - Shroud of Golubria             Charms/Translocation         2
   c - Song of Slaying                Charms                       2
   d - Spectral Weapon                Hexes/Charms                 3
   e - Regeneration                   Charms/Necromancy            3
 v - a book of Death

   Spells                             Type                      Level
   a - Corpse Rot                     Necromancy                   2
   b - Sublimation of Blood           Necromancy                   2
   c - Agony                          Necromancy                   5
   d - Dispel Undead                  Necromancy                   5
   e - Excruciating Wounds            Charms/Necromancy            5
   f - Bolt of Draining               Conjuration/Necromancy       5
Comestibles
 d - a bread ration


   Skills:
 + Level 2.5 Fighting
 + Level 3.5 Long Blades
 + Level 2.2 Armour
 + Level 2.9 Dodging
 + Level 1.4 Stealth
 + Level 3.1 Spellcasting
 + Level 4.6 Charms


You had 7 spell levels left.
You knew the following spells:

 Your Spells              Type           Power        Failure   Level  Hunger
a - Infusion              Chrm           ##..         100%        1    #......
b - Shroud of Golubria    Chrm/Tloc      #.........   100%        2    ##.....


Dungeon Overview and Level Annotations

Branches:
Dungeon (4/15)
 Temple: D:4-7

Altars:
Ashenzari
Cheibriados
Elyvilon
Makhleb
Nemelex Xobeh
Qazlal
The Shining One

Annotations:
D:4 Metae's ghost, amateur MiFi


Message History

Metae's ghost is heavily damaged.
It was a potion of cure mutation.
It has a very clean taste.
You regain control of your magic.
You feel more energetic.
Metae's ghost hits you but does no damage.
Your plate armour prevents you from hitting Metae's ghost.
Metae's ghost is heavily damaged.
Metae's ghost hits you but does no damage.
You hit Metae's ghost.
Metae's ghost is heavily damaged.
Metae's ghost hits you but does no damage.
You hit Metae's ghost.
Metae's ghost is severely damaged.
Your plate armour prevents you from hitting Metae's ghost.
Metae's ghost is severely damaged.
Metae's ghost hits you.
* * * LOW HITPOINT WARNING * * *
Your plate armour prevents you from hitting Metae's ghost.
Metae's ghost is severely damaged.
Metae's ghost hits you!
You die...

##....)## #.####......
#.......###...#.......
##....................
#.#.....#.#.....#...[...
#.........##............ #....
#.....##............ #..
#.##._...........#.... ####
#..###....W†..............
...##
#...#.##.@......[........#
.#..##
#<....##.................#
###..##
#........................ #
##..####..>....................
#
#..............##.............
#
##.............##..#..(.##....
##
#######.(#####.[..#........#.
.### ##..# #.#......###.##
...## #..# ###.#.....# ..


You could see Metae's ghost.

Vanquished Creatures
  A water moccasin skeleton (D:3)
  4 gnolls (D:3)
  5 adders
  2 oozes
  2 worms (D:3)
  3 dart slugs
  A giant gecko (D:3)
  2 orcs (D:3)
  8 ball pythons
  12 bats
  3 giant cockroaches
  7 goblins
  9 hobgoblins
  2 quokkas
  4 giant newts
  5 kobolds
  5 rats
75 creatures vanquished.

Notes
Turn   | Place    | Note
--------------------------------------------------------------
     0 | D:1      | mindo the High Elf Skald began the quest for the Orb.
     0 | D:1      | Reached XP level 1. HP: 14/14 MP: 4/4
   364 | D:1      | Reached skill level 4 in Charms
   364 | D:1      | Reached XP level 2. HP: 13/19 MP: 6/6
   791 | D:2      | Reached XP level 3. HP: 21/24 MP: 5/8
   793 | D:2      | Reached skill level 1 in Armour
   911 | D:2      | Reached skill level 1 in Stealth
  1134 | D:2      | Found a shattered altar of Ashenzari.
  1408 | D:3      | Found a burning altar of Makhleb.
  1408 | D:3      | Found a white marble altar of Elyvilon.
  1692 | D:3      | Reached XP level 4. HP: 25/29 MP: 4/9
  1700 | D:3      | Found a sparkling altar of Nemelex Xobeh.
  1719 | D:3      | Found a glowing golden altar of the Shining One.
  1852 | D:3      | Learned a level 2 spell: Shroud of Golubria
  2241 | D:3      | Gained mutation: Your magical capacity is low (-10% MP). [potion of mutation]
  2241 | D:3      | Gained mutation: Your spells are a little harder to cast, but a little more powerful. [potion of mutation]
  2254 | D:3      | Reached XP level 5. HP: 35/35 MP: 9/9
  2753 | D:4      | Found a snail-covered altar of Cheibriados.
  2805 | D:4      | Found a stormy altar of Qazlal.
  2811 | D:4      | Noticed Metae's ghost (amateur MiFi)
  2880 | D:4      | Lost mutation: Your spells are a little harder to cast, but a little more powerful. [potion of cure mutation]
  2880 | D:4      | Lost mutation: Your magical capacity is low (-10% MP). [potion of cure mutation]
  2885 | D:4      | Slain by Metae's ghost

Skill      XL: |  1  2  3  4  5 |
---------------+----------------+-----
Charms         | 4 |  4.6
Armour         | 1 2 |  2.2
Stealth        | 1 |  1.4
Long Blades    | 3 |  3.5
Dodging        | 2 |  2.9
Spellcasting   | 3 |  3.1
Fighting       | |  2.5

Action                   |  1- 3 |  4- 6 || total
-------------------------+-------+-------++-------
Melee: Falchion          |   108 |   100 ||   208
       Short sword       |       |    89 ||    89
 Cast: Infusion          |    11 |     4 ||    15
  Use: Potion            |       |     9 ||     9
 Stab: Sleeping          |     3 |       ||     3
       Invisible         |       |     1 ||     1
  Eat: Bread ration      |     1 |     1 ||     2
Armor: Leather armour    |    42 |    28 ||    70
       Plate armour      |       |    49 ||    49
       Skin              |       |    23 ||    23
Dodge: Dodged            |    67 |    67 ||   134
